cohdb
Replays
Latest Replays
All Replays
Popular Replays
Top Player Replays
Match Explorer
How It Works
Community
CoH3 Stats
Reddit
Sign in to upload your games and track your stats! →
Sign in with Steam
Match 45414787
Unlisted
Match 45414787
Overview
Messages
Build Orders
End
Construct Section Command Post
Dingo Light Scout Car
Infantry Section
Infantry Section
Vickers Machine Gun Team
Construct Platoon Command Post
Selects Heavy Armor Battlegroup
Selects Rigorous Vehicle Training
Unlock M3 Stuart Light Tanks
M3 Stuart Light Tank
CMP 15cwt Truck
M3 Stuart Light Tank
M3 Stuart Light Tank
Selects Forward Repair Assembly
Light Vehicle Training
Unlock Bishop Self-propelled Artillery
M3 Stuart Light Tank
M3 Stuart Light Tank
Infantry Training
Macho Man Randy Savage
Flobby
勇敢的少先队员
Thomas Shelby
我小叮当今晚要搞事!
Walther
Jerome Powell
sss
0
0
Comments
sign in to comment!
No comments posted yet!